 Dungeon Crawl Stone Soup version 0.30-a0-368-g86fb4627a9 (webtiles) character file.

Game seed: 3479235412455296985

14165 mopl the Covert (level 12, -2/68 HPs)
             Began as an Octopode Brigand on Nov 18, 2022.
             Was an Elder of Dithmenos.
             Killed from afar by a wretched star (19 damage)
             ... with a lance of force
             ... on level 2 of the Abyss.
             The game lasted 00:28:21 (11524 turns).

mopl the Covert (Octopode Brigand)                 Turns: 11524, Time: 00:28:22

Health: -2/68      AC:  1    Str: 11    XL:     12   Next: 13%
Magic:  12/12      EV: 20    Int: 24    God:    Dithmenos [****..]
Gold:   492        SH:  0    Dex: 13    Spells: 11/11 levels left

rFire   + . .      SeeInvis .    b - +7 Throatcutter {drain, coup de grace}
rCold   . . .      Faith    .    (no shield)
rNeg    . . .      Spirit   .    (helmet restricted)
rPois   .          Reflect  .    (no amulet)
rElec   .          Harm     .    d - +4 ring of evasion
rCorr   .          Rampage  .    e - ring of flight
Will    .....      Rage     9%   F - +6 ring of intelligence
Stlth   +++++++++.               z - ring of protection from fire
HPRegen 0.31/turn                (no ring)
MPRegen 0.13/turn                (no ring)
                                 (no ring)
                                 (no ring)

@: flying, wreathed by umbra
A: almost no armour, amphibious, 8 rings, camouflage 1, gelatinous body 1,
(nimble swimmer 1), tentacles, [berserk 2], [frail 2]
a: Renounce Religion, Shadow Step


You were on level 2 of the Abyss.
You worshipped Dithmenos.
Dithmenos was greatly pleased with you.
You visited 3 branches of the dungeon, and saw 13 of its levels.
You visited the Abyss 1 time.

You collected 622 gold pieces.
You spent 130 gold pieces at shops.

Inventory:

Hand Weapons
 a - a +2 dagger of venom
 b - the +7 Throatcutter (weapon) {drain, coup de grace}
   (You took it off Terence on level 3 of the Dungeon)

   A truly terrible weapon, it drains the life of any living foe it strikes.
   It may instantly kill foes which have little health.
 u - a +0 scimitar of flaming
 x - a +0 dagger of holy wrath
Missiles
 c - 4 curare-tipped darts
 j - 5 throwing nets
 k - 3 atropa-tipped darts
 r - 5 silver javelins
 s - 8 boomerangs
 v - 4 poisoned darts (quivered)
 O - 4 boomerangs of dispersal
Jewellery
 d - a +4 ring of evasion (left tentacle)
 e - a ring of flight (right tentacle)
 i - an amulet of magic regeneration
 z - a ring of protection from fire (on tentacle)
 F - a +6 ring of intelligence (on tentacle)
Wands
 U - a wand of light (2)
Scrolls
 l - 3 scrolls of immolation
 o - a scroll of torment {unknown}
 p - 2 scrolls of butterflies {unknown}
 t - 2 scrolls of enchant weapon {unknown}
 A - a scroll of fear {unknown}
 H - 2 scrolls of teleportation
 I - 2 scrolls of poison {unknown}
 M - a scroll of magic mapping {unknown}
 P - 2 scrolls of noise {unknown}
 T - a scroll of brand weapon {unknown}
 W - a scroll of blinking {unknown}
Potions
 f - 4 potions of curing
 g - a potion of might
 h - a potion of ambrosia
 m - 2 potions of haste
 n - 3 potions of magic
 q - 2 potions of flight
 B - a potion of brilliance {unknown}
 D - 3 potions of degeneration {unknown}
 G - a potion of attraction {unknown}
 N - 3 potions of lignification {unknown}
 Q - 2 potions of resistance {unknown}
 R - a potion of cancellation {unknown}
 X - a potion of experience {unknown}
Miscellaneous
 w - a piece from Xom's chessboard (11/15)


   Skills:
 + Level 9.0 Fighting
 - Level 2.0(5.7) Short Blades
 + Level 8.6(8.7) Long Blades
 + Level 9.0 Throwing
 + Level 8.7 Dodging
 + Level 13.4 Stealth


You had 11 spell levels left.
You didn't know any spells.
Your spell library contained the following spells:

 Spells                   Type           Power      Damage    Failure   Level
 Beastly Appendage        Tmut           0%         N/A       14%         1
 Magic Dart               Conj           0%         1d3       14%         1
 Searing Ray              Conj           0%         2d4       22%         2
 Wereblood                Tmut           0%         N/A       22%         2
 Spider Form              Tmut/Pois      0%         N/A       41%         3
 Fulminant Prism          Conj/Hex       0%         3d5       82%         4
 Summon Forest            Summ/Tloc      0%         N/A       99%         5
 Summon Mana Viper        Hex/Summ       0%         N/A       99%         5
 Summon Cactus Giant      Summ           0%         N/A       100%        6
 Malign Gateway           Summ/Tloc      0%         N/A       100%        7
 Summon Horrible Things   Summ           0%         N/A       100%        8


Dungeon Overview and Level Annotations

Branches:
Dungeon (9/15)             Temple (1/1) D:4            Lair (3/5) D:8
 Spider (0/4) Lair:3          Orc (0/2) D:9
  Swamp: Lair:2-3    Shoals: Lair:2-3

Altars:
Ashenzari
Dithmenos
Elyvilon
Fedhas
Gozag
Hepliaklqana
Kikubaaqudgha
Makhleb
Nemelex Xobeh
Okawaru
Qazlal
Ru
Uskayaw
Vehumet
Wu Jian
Xom
Yredelemnul
Zin
The Shining One

Shops:
D:2 (   D:7 [   D:8 *   D:9 [

Annotations:
D:8 1 exclusion
D:9 2 transporters
Lair:1 Sonja


Innate Abilities, Weirdness & Mutations

You cannot wear most types of armour.
You are amphibious.
You can wear up to eight rings at the same time.
Your skin changes colour to match your surroundings (Stealth+).
Your rubbery body absorbs attacks. (AC +1, EV +1)
((You are camouflaged when in or above water. (Stealth+)))
You have tentacles for arms and can constrict up to eight enemies at once.
[You have an uncontrollable temper.]
[You are very frail. (-20% HP)]


Message History

You squeeze the wretched star, but do no damage.
The wretched star is lightly damaged.
You hit the wretched star.
The wretched star is lightly damaged.
Your shadow misses the wretched star.
The wretched star pulses with an eldritch light!
You feel frail. x2
You barely miss the wretched star.
You squeeze the wretched star, but do no damage.
The wretched star is lightly damaged.
You hit the wretched star. Your squeeze misses the wretched star.
The wretched star is lightly damaged.
You slash the wretched star! Your squeeze misses the wretched star.
The wretched star is moderately damaged.
You barely miss the wretched star.
The wretched star is moderately damaged.
The wretched star glows turbulently.
The lance of force misses you.
You closely miss the wretched star.
The wretched star is moderately damaged.
The wretched star pulses with an eldritch light!
You feel a little pissed off.
You feel extremely angry at everything!
You slash the wretched star! Your squeeze misses the wretched star.
The wretched star is heavily damaged.
The wretched star glows turbulently.
The lance of force misses you.
You hit the wretched star but do no damage.
Your squeeze misses the wretched star.
The wretched star is heavily damaged.
The wretched star glows turbulently.
The lance of force hits you!!
You emit a cloud of dark smoke.
You are knocked back by the lance of force.
You slam into the crystal wall!
* * * LOW HITPOINT WARNING * * *
You closely miss the wretched star.
You squeeze the wretched star, but do no damage.
The wretched star is heavily damaged.
The wretched star glows turbulently.
The lance of force hits you!!
You die...

# # .
#
###.##
#@#.
#*ยง#
# ####
.


You could see a wretched star.

Vanquished Creatures
  Harold (Lair:1)
  Erica (Lair:1)
  2 two-headed ogres (D:9)
  Joseph (D:7)
  A black mamba (Lair:1)
  2 cane toads
  Maggie (D:6)
  2 komodo dragons
  An ancient zyme (Abyss:2)
  A troll (D:8)
  A meliai (Lair:3)
  Prince Ribbit (D:7)
  A wraith (D:8)
  A ynoxinul (Abyss:2)
  A vampire (D:9)
  9 yaks
  2 large abominations (Abyss:2)
  2 wyverns
  A chaos spawn (Abyss:2)
  A basilisk (Lair:2)
  Menkaure (D:7)
  3 water moccasins
  4 orc warriors
  Duvessa (D:4)
  A sky beast (D:7)
  3 black bears
  2 ice beasts (D:5)
  21 wolves
  2 centaurs
  A phantom (D:6)
  9 bullfrogs
  A small abomination (Abyss:2)
  A kobold brigand (D:8)
  A necrophage (D:5)
  9 wights
  Dowan (D:4)
  4 killer bees (Lair:3)
  4 electric eels
  8 crimson imps (D:7)
  6 hounds
  A gnoll bouda (D:8)
  6 orc priests
  3 jellies
  Jessica (D:2)
  4 iguanas
  Terence (D:3)
  10 orc wizards
  10 adders
  8 gnolls
  2 shadow imps (D:7)
  A white imp (D:6)
  3 ufetubi
  2 worms (D:2)
  5 dart slugs
  48 orcs
  4 bats
  6 endoplasms
  2 giant cockroaches (D:1)
  9 goblins
  7 hobgoblins
  10 jackals
  10 kobolds
  3 quokkas
  12 ball pythons
  4 frilled lizards
  5 rats
293 creatures vanquished.

Vanquished Creatures (others)
  14 fungi
  15 plants
  8 toadstools (Lair:2)
37 creatures vanquished.

Grand Total: 330 creatures vanquished

Notes
Turn   | Place    | Note
-------+----------+-------------------------------------------
     0 | D:1      | mopl the Octopode Brigand began the quest for the Orb.
     0 | D:1      | Reached XP level 1. HP: 14/14 MP: 1/1
   110 | D:1      | Reached XP level 2. HP: 19/19 MP: 2/2
   306 | D:1      | Reached XP level 3. HP: 24/24 MP: 3/3
   376 | D:1      | Reached skill level 1 in Long Blades
   549 | D:1      | Found a faded altar of an unknown god.
   934 | D:2      | Noticed Jessica
   941 | D:2      | Killed Jessica
   942 | D:2      | Reached XP level 4. HP: 30/30 MP: 4/4
  1021 | D:2      | Reached skill level 2 in Dodging
  1129 | D:2      | Reached skill level 6 in Stealth
  1265 | D:2      | Found Zashed's Weapon Shop.
  1594 | D:3      | Noticed Terence
  1733 | D:3      | Reached XP level 5. HP: 31/36 MP: 5/5
  1916 | D:3      | Reached skill level 3 in Fighting
  1916 | D:3      | Reached skill level 3 in Throwing
  2280 | D:3      | Killed Terence
  2281 | D:3      | Reached skill level 2 in Long Blades
  2315 | D:3      | Reached XP level 6. HP: 42/42 MP: 6/6
  2690 | D:4      | Noticed Dowan
  2718 | D:4      | Killed Dowan
  2719 | D:4      | Reached skill level 3 in Dodging
  2749 | D:4      | Noticed Duvessa
  2773 | D:4      | Killed Duvessa
  2774 | D:4      | Reached skill level 7 in Stealth
  2774 | D:4      | Reached XP level 7. HP: 47/47 MP: 7/7
  2823 | D:4      | Found a staircase to the Ecumenical Temple.
  2832 | Temple   | Entered the Ecumenical Temple
  2855 | Temple   | Became a worshipper of Dithmenos the Shadowed
  3110 | D:4      | Found a stormy altar of Qazlal.
  3119 | D:4      | Reached skill level 3 in Long Blades
  3150 | D:4      | Found an opulent altar of Gozag.
  3180 | D:4      | Reached skill level 4 in Fighting
  3180 | D:4      | Reached skill level 4 in Throwing
  3211 | D:4      | Found a hide-covered altar of Uskayaw.
  3392 | D:4      | Found a basalt altar of Yredelemnul.
  3486 | D:5      | Entered Level 5 of the Dungeon
  3654 | D:5      | Reached XP level 8. HP: 54/54 MP: 8/8
  3754 | D:5      | Reached skill level 4 in Dodging
  3780 | D:5      | Reached skill level 8 in Stealth
  3785 | D:5      | Reached * piety under Dithmenos
  3786 | D:5      | Reached skill level 4 in Long Blades
  3952 | D:5      | Reached skill level 5 in Fighting
  3969 | D:5      | Reached skill level 5 in Throwing
  4066 | D:6      | Noticed Maggie
  4122 | D:6      | Killed Maggie
  4123 | D:6      | Reached skill level 5 in Dodging
  4123 | D:6      | Reached skill level 9 in Stealth
  4123 | D:6      | Reached XP level 9. HP: 61/61 MP: 9/9
  4315 | D:6      | Reached skill level 5 in Long Blades
  4488 | D:6      | Found a hazy altar of Hepliaklqana.
  4524 | D:6      | Found a broken altar of Ashenzari.
  4674 | D:6      | Found the +5 scythe "Finisher" {speed, eviscerate}
  4970 | D:7      | Noticed Joseph
  4979 | D:7      | Killed Joseph
  4980 | D:7      | Reached skill level 6 in Fighting
  4980 | D:7      | Reached skill level 6 in Throwing
  5013 | D:7      | Noticed Menkaure
  5020 | D:7      | Killed Menkaure
  5020 | D:7      | Reached ** piety under Dithmenos
  5114 | D:7      | Reached skill level 10 in Stealth
  5166 | D:7      | You are sucked into a shaft and drop 2 floors!
  5185 | D:9      | Found a transporter.
  5264 | D:8      | Reached skill level 6 in Dodging
  5333 | D:8      | Noticed a troll
  5334 | D:8      | Reached XP level 10. HP: 69/69 MP: 10/10
  5353 | D:8      | Reached skill level 6 in Long Blades
  5390 | D:8      | HP: 3/69 [troll (6)]
  5620 | D:7      | Found Kacs's Armour Boutique.
  5784 | D:7      | Noticed Prince Ribbit
  5792 | D:7      | Killed Prince Ribbit
  5984 | D:8      | Found Uzawni's General Store.
  5989 | D:8      | Bought a scroll of identify for 26 gold pieces
  5989 | D:8      | Bought a potion of invisibility for 104 gold pieces
  6122 | D:8      | Found a staircase to the Lair.
  6381 | D:8      | Reached skill level 7 in Fighting
  6381 | D:8      | Reached skill level 7 in Throwing
  6423 | D:8      | Reached skill level 11 in Stealth
  6517 | D:8      | Found an ancient bone altar of Kikubaaqudgha.
  6518 | D:8      | Reached *** piety under Dithmenos
  6580 | D:8      | Found an ornate altar of the Wu Jian Council.
  6623 | D:8      | Found a sacrificial altar of Ru.
  7120 | D:9      | Noticed a two-headed ogre
  7180 | D:9      | Found a staircase to the Orcish Mines.
  7242 | D:9      | Found a transporter.
  7242 | D:9      | Noticed a boulder beetle
  7444 | D:9      | Found Ynexade's Armour Boutique.
  7458 | D:9      | Found a glowing golden altar of the Shining One.
  7460 | D:9      | Found a glowing silver altar of Zin.
  7460 | D:9      | Found a white marble altar of Elyvilon.
  7705 | D:9      | Noticed a two-headed ogre
  7723 | D:9      | Killed a two-headed ogre
  7724 | D:9      | Reached skill level 7 in Long Blades
  7724 | D:9      | Reached skill level 7 in Dodging
  7730 | D:9      | Found a radiant altar of Vehumet.
  7759 | D:9      | Killed a two-headed ogre
  7760 | D:9      | Reached XP level 11. HP: 25/76 MP: 11/11
  8149 | Lair:1   | Entered Level 1 of the Lair of Beasts
  8272 | Lair:1   | You are sucked into a shaft and drop 1 floor!
  8570 | Lair:3   | Reached skill level 12 in Stealth
  8712 | Lair:3   | Found a hole to the Spider Nest.
  8715 | Lair:3   | Reached skill level 8 in Fighting
  8719 | Lair:3   | Reached skill level 8 in Throwing
  9975 | Lair:2   | Noticed a bog body
  9989 | Lair:2   | Reached skill level 8 in Dodging
 10105 | Lair:1   | Found a broken altar of Ashenzari.
 10253 | Lair:1   | Reached skill level 8 in Long Blades
 10309 | Lair:1   | Noticed Harold
 10311 | Lair:1   | Reached **** piety under Dithmenos
 10324 | Lair:1   | Killed Harold
 10328 | Lair:1   | Reached skill level 13 in Stealth
 10800 | Lair:1   | Noticed Erica
 10809 | Lair:1   | Killed Erica
 10810 | Lair:1   | Reached XP level 12. HP: 84/84 MP: 12/12
 10838 | Lair:1   | Noticed Sonja
 10847 | Abyss:2  | Cast into level 2 of the Abyss (Sonja)
 10870 | Abyss:2  | Noticed a wretched star
 10872 | Abyss:2  | Found a viscous altar of Jiyva.
 10933 | Abyss:2  | Noticed a starcursed mass
 10945 | Abyss:2  | Noticed a tentacled starspawn
 11098 | Abyss:2  | Noticed a lich
 11181 | Abyss:2  | Reached skill level 9 in Fighting
 11190 | Abyss:2  | Reached skill level 9 in Throwing
 11192 | Abyss:2  | Noticed a wretched star
 11205 | Abyss:2  | Noticed a sun demon
 11510 | Abyss:2  | Noticed a wretched star
 11524 | Abyss:2  | Killed from afar by a wretched star

Illustrated notes

Levels and vault maps discovered:
D:1:      dpeg_arrival_simpleton_a, layout_basic,
          nicolae_ecumenical_snake_handling
D:2:      layout_loops_ring, serial_shops, shop,
          nicolae_concentric_dashed_squares_mild, chequers_serial_rivers_room_b,
          uniq_jessica
D:3:      layout_basic, uniq_terence
D:4:      layout_basic, nicolae_qazlal_scattered_showers, lemuel_doored_altar,
          nicolae_overflow_crystal_walls, yredelemnul_altar_generic,
          minmay_temple_entry_butterflies, uniq_duvessa
D:5:      layout_basic
D:6:      layout_basic, minitemple, water_maze_lemuel, uniq_maggie
D:7:      nicolae_cairo_tiling_very_big, layout_rooms, serial_shops, shop,
          serial_park_tiny_1, minmay_nine_imps, uniq_menkaure, uniq_joseph,
          uniq_prince_ribbit1
D:8:      layout_loops_ring, mainiacjoe_overflow_concentric_impassable,
          nzn_wu_jian_council_hall, nicolae_overflow_hidden_temple,
          erik_lair_island, serial_shops, shop
D:9:      gammafunk_boulding_lane, layout_cave_pools,
          dreamdust_divine_triumvirate, kennysheep_mini_moat, david_orc_2,
          serial_shops, shop
Temple:   hellmonk_temple_of_storms
Lair:1:   layout_cave_pods, basic_altar, nicolae_lair_lil_pond, uniq_harold,
          uniq_erica, uniq_sonja
Lair:2:   gammafunk_lair_enchanted_lake, layout_regular_city,
          nicolae_swamp_entry_splash_gauntlet, chequers_serial_rivers_large_b,
          kennysheep_abandoned_house
Lair:3:   layout_small_grid, hellmonk_spider_entry_not_the_bees,
          beast_lair_carwin_2
Abyss:2:  base: D:3, hangedman_abyss_mock_shop

Skill      XL: |  1  2  3  4  5  6  7  8  9 10 11 12 |
---------------+-------------------------------------+-----
Long Blades    | 1 2 3 4 5 7 8 |  8.6
Dodging        | 2 3 5 6 7 8 |  8.7
Stealth        | 6 7 9 10 11 13 | 13.4
Fighting       | 3 4 5 6 7 8 9 |  9.0
Throwing       | 3 4 5 6 7 8 9 |  9.0
Short Blades   | |  2.0

Action                   |  1- 3 |  4- 6 |  7- 9 | 10-12 || total
-------------------------+-------+-------+-------+-------++-------
Melee: Dagger            |    58 |    95 |    24 |    22 ||   199
       Constrict         |    14 |    27 |    21 |    42 ||   104
       Tentacles         |     9 |    17 |    21 |    61 ||   108
       Punch             |       |     1 |       |     6 ||     7
       Long sword        |       |    35 |   102 |   276 ||   413
Throw: Dart              |       |    15 |     7 |    19 ||    41
Evoke: Wand              |       |       |       |    10 ||    10
       Piece from Xom's  |       |       |       |     4 ||     4
  Use: Scroll            |       |       |     7 |     5 ||    12
       Potion            |       |       |     2 |     6 ||     8
 Stab: Sleeping          |    14 |     9 |    26 |    17 ||    66
       Paralysed         |       |       |       |     4 ||     4
       Distracted        |       |       |       |     2 ||     2
       Invisible         |       |       |       |     1 ||     1
Armor: Skin              |       |     3 |       |     6 ||     9
Dodge: Dodged            |    37 |    84 |   112 |   274 ||   507

Table legend: (Time is in decaauts)
 A = Elapsed time spent in this place.
 B = Non-inter-level travel time spent in this place.
 C = Inter-level travel time spent in this place.
 D = Time resting spent in this place.
 E = Time spent auto-exploring this place.
 F = Levels seen in this place.
 G = Mean time per level.
                   A        B        C        D        E       F      G
               +--------+--------+--------+--------+--------+-----+--------+
         Total |  11490 |  10857 |    633 |   2810 |   5349 |  14 |  820.7 |
       Dungeon |   8103 |   7535 |    568 |   1566 |   4032 |   9 |  900.3 |
        Temple |     44 |     23 |     21 |      0 |     15 |   1 |   44.0 |
          Lair |   2686 |   2643 |     43 |    854 |   1199 |   3 |  895.3 |
         Abyss |    655 |    655 |      0 |    390 |    103 |   1 |  655.0 |
               +--------+--------+--------+--------+--------+-----+--------+

Top non-repeatable levels by time:
     D:8: 1499 daAuts
  Lair:3: 1377 daAuts
     D:4: 1064 daAuts
     D:9: 996 daAuts
     D:3: 871 daAuts
  Lair:1: 861 daAuts
     D:1: 853 daAuts
     D:6: 842 daAuts
     D:2: 796 daAuts
     D:7: 708 daAuts
 Abyss:2: 655 daAuts
     D:5: 471 daAuts
  Lair:2: 448 daAuts
  Temple: 44 daAuts
